 Dungeon Crawl Stone Soup version 0.18-a0-1413-g4eaa9ac (webtiles) character file.

168 SlimeFever the Insei (level 5, 0/41 HPs)
             Began as a Demonspawn Monk on Feb 25, 2016.
             Slain by Pikel
             ... wielding a +0 whip of flaming
              (4 damage)
             ... while paralysed by Pikel
             ... on level 4 of the Dungeon.
             The game lasted 00:17:37 (2556 turns).

SlimeFever the Insei (Demonspawn Monk)              Turns: 2556, Time: 00:17:38

Health: 0/41       AC:  5    Str: 12    XL:     5   Next: 24%
Magic:  5/5        EV:  2    Int: 12    God:
Gold:   170        SH:  0    Dex: 15    Spells: 0 memorised, 4 levels left

rFire  . . .     SeeInvis +       - Unarmed
rCold  . . .     Gourm    .     p - +0 robe
rNeg   . . .     Faith    .     (no shield)
rPois  .         Spirit   .     c - +1 helmet
rElec  .         Dismiss  .     h - +0 cloak
rCorr  .         Reflect  .     (no gloves)
SustAt .         Harm     .     (no boots)
MR     .....                    (no amulet)
Stlth  ++........               t - +3 ring of evasion
                                f - ring of see invisible

@: paralysed, not resistant to hostile enchantments, unstealthy
A: hooves 2, spiny 1
a: no special abilities


You were on level 4 of the Dungeon.
You were not hungry.

You visited 1 branch of the dungeon, and saw 4 of its levels.

You collected 170 gold pieces.

Inventory:

Hand Weapons
 a - a +1 hunting sling
Missiles
 d - 17 arrows of frost
 j - 14 steel sling bullets
 n - 40 arrows
Armour
 c - a +1 helmet (worn)
 h - a +0 cloak (worn)
 p - a +0 robe (worn)
Jewellery
 f - a ring of see invisible (left hand)
 t - a +3 ring of evasion (right hand)
Wands
 l - a wand of flame (26/48)
Scrolls
 o - a scroll of remove curse
 q - 3 scrolls of recharging
 w - a scroll of teleportation
 y - a scroll of fear
Potions
 e - 3 potions of heal wounds
 g - 2 potions of might {unknown}
 i - 3 potions of flight
 k - a potion of curing {unknown}
 m - 2 potions of brilliance {unknown}
 u - a potion of agility {unknown}
Comestibles
 b - 4 bread rations
 r - a beef jerky


   Skills:
 + Level 3.2 Fighting
 * Level 4.0 Dodging
 + Level 2.0 Stealth
 * Level 4.9 Unarmed Combat


You had 4 spell levels left.
You didn't know any spells.

Dungeon Overview and Level Annotations

Branches:
Dungeon (4/15)
 Temple: D:4-7

Altars:
Ashenzari
Dithmenos
Fedhas
Nemelex Xobeh
Sif Muna
Yredelemnul

Annotations:
D:4 Pikel


Innate Abilities, Weirdness & Mutations

You have hoof-like feet.
You are partially covered in sharp spines.


Message History

The slave misses you.
You hit Pikel.
Pikel is moderately wounded.
The slave completely misses you. Pikel hits you but does no damage.
The slave is struck by your spines. The slave misses you. The slave hits you.
You closely miss Pikel. Your kick misses Pikel.
Pikel is moderately wounded.
The slave is struck by your spines. The slave barely misses you.
Pikel zaps a wand.
You suddenly lose the ability to move!
The slave hits you. The slave completely misses you.
The slave is struck by your spines. The slave hits you. x2
Pikel hits you but does no damage. The slave hits you!
The slave is struck by your spines. The slave hits you.
* * * LOW HITPOINT WARNING * * *
The slave is struck by your spines. The slave hits you.
* * * LOW HITPOINT WARNING * * *
The slave is struck by your spines. The slave hits you.
* * * LOW HITPOINT WARNING * * *
Pikel hits you with a whip of flaming.
You die...

............#
#.....#
.........##.#
#.....#
.........##'######
#######
.........#.......#
##.......#.......#
####....#.......+
#......#....[..####
#.###'##.......p..#
#.....##......@K..#
########.....ppp(.#
##'#'##...(....
#.#.####......
#######'#'## .....(
#..........# .....#
#..........# ....#
#..........# ....#
#######...##


You could see Pikel and 4 slaves.

Vanquished Creatures
  An orc wizard (D:3)
  A hound skeleton (D:4)
  3 gnolls (D:3)
  2 adders
  A dart slug (D:1)
  A worm (D:3)
  4 giant geckos
  2 orcs (D:3)
  5 giant cockroaches
  9 hobgoblins
  6 jackals (D:1)
  7 kobolds
  7 bats
  5 giant newts
  3 goblins
  14 rats
  A spectral orc (D:2)
72 creatures vanquished.

Notes
Turn   | Place    | Note
--------------------------------------------------------------
     0 | D:1      | SlimeFever the Demonspawn Monk began the quest for the Orb.
     0 | D:1      | Reached XP level 1. HP: 18/18 MP: 1/1
   139 | D:1      | Gained mutation: You have large cloven feet. [demonic ancestry]
   139 | D:1      | Reached XP level 2. HP: 21/24 MP: 2/2
   387 | D:1      | Reached XP level 3. HP: 27/29 MP: 3/3
   842 | D:2      | Found a basalt altar of Yredelemnul.
  1456 | D:2      | Gained mutation: You are partially covered in sharp spines. [demonic ancestry]
  1456 | D:2      | Reached XP level 4. HP: 26/35 MP: 4/4
  1969 | D:3      | Gained mutation: You have hoof-like feet. [demonic ancestry]
  1969 | D:3      | Reached XP level 5. HP: 24/41 MP: 5/5
  1973 | D:3      | Found a sparkling altar of Nemelex Xobeh.
  2045 | D:3      | Found a deep blue altar of Sif Muna.
  2045 | D:3      | Found a shadowy altar of Dithmenos.
  2048 | D:3      | Found a shattered altar of Ashenzari.
  2048 | D:3      | Found a blossoming altar of Fedhas.
  2544 | D:4      | Noticed Pikel
  2544 | D:4      | Noticed a slave
  2545 | D:4      | Noticed a slave
  2546 | D:4      | Noticed a slave
  2546 | D:4      | Noticed a slave
  2554 | D:4      | Paralysed by Pikel for 2 turns
  2556 | D:4      | Slain by Pikel

Vault maps used:
D:1:      roderic_crossed_star
D:2:      yredelemnul_forgotten_temple_becter, first_bread
D:3:      grunt_temple_overflow_cloverleaf, nemelex_xobeh_ov_fountains_minmay
D:4:      grunt_gozag_breadcrumbs, uniq_pikel

Skill      XL: |  1  2  3  4  5 |
---------------+----------------+-----
Dodging        | 3 4 |  4.0
Unarmed Combat | 4 |  4.9
Stealth        | 2 |  2.0
Fighting       | |  3.2

Action                   |  1- 3 |  4- 6 || total
-------------------------+-------+-------++-------
Melee: Unarmed           |   175 |    61 ||   236
 Fire: Hunting sling     |       |     3 ||     3
  Use: Scroll            |     3 |     8 ||    11
 Stab: Sleeping          |     3 |       ||     3
       Distracted        |       |     1 ||     1
  Eat: Pizza             |     1 |       ||     1
       Beef jerky        |       |     1 ||     1
       Meat ration       |       |     1 ||     1
